 Dungeon Crawl Stone Soup version 0.29-a0-553-g81b289dbe5 (webtiles) character file.

Game seed: 183166050727152093

30 kae the Firebug (level 2, -2/22 HPs)
             Began as a Demigod Fire Elementalist on June 6, 2022.
             Slain by a goblin
             ... wielding a +0 dagger
              (4 damage)
             ... on level 1 of the Dungeon.
             The game lasted 00:01:12 (1255 turns).

kae the Firebug (Demigod Fire Elementalist)         Turns: 1255, Time: 00:01:12

Health: -2/22      AC:  2    Str:  9    XL:     2   Next: 84%
Magic:  2/7        EV: 12    Int: 17    God:
Gold:   55         SH:  0    Dex: 14    Spells: 4/5 levels left

rFire   . . .      SeeInvis .   (no weapon)
rCold   . . .      Faith    .   (no shield)
rNeg    . . .      Spirit   .   a - +0 robe
rPois   .          Reflect  .   (no helmet)
rElec   .          Harm     .   (no cloak)
rCorr   .          Rampage  .   (no gloves)
Will    .....                   (no boots)
Stlth   ++........              (no amulet)
HPRegen 0.07/turn               (no ring)
MPRegen 0.10/turn               (no ring)

@: no status effects
A: high MP 1, forlorn, divine attributes
a: no special abilities


You were on level 1 of the Dungeon.
You visited 1 branch of the dungeon, and saw 1 of its levels.

You collected 55 gold pieces.

Inventory:

Armour
 a - a +0 robe (worn)
Scrolls
 c - a scroll of noise {unknown}
 d - a scroll of fear {unknown}
 e - a scroll of magic mapping {unknown}
Potions
 b - a potion of magic


   Skills:
 - Level 0.3 Fighting
 - Level 1.9 Dodging
 - Level 1.8 Stealth
 + Level 2.0 Spellcasting
 * Level 1.6 Conjurations
 * Level 3.1 Fire Magic


You had 4 spell levels left.
You knew the following spells:

 Your Spells              Type           Power      Damage    Failure   Level
a - Foxfire               Conj/Fire      36%        2x1d5     8%          1

Your spell library contained the following spells:

 Spells                   Type           Power      Damage    Failure   Level
 Scorch                   Fire           24%        2d6       9%          2
 Conjure Flame            Conj/Fire      9%         6-21      22%         3
 Inner Flame              Hex/Fire       7%         N/A       30%         3
 Flame Wave               Conj/Fire      9%         2d5       58%         4


Dungeon Overview and Level Annotations

Branches:
Dungeon (1/15)


Innate Abilities, Weirdness & Mutations

You have an increased reservoir of magic. (+10% MP)
You shall have no god before yourself.
Your divine heritage dramatically boosts your attributes as you level up.


Message History

Confirm with . or Enter, or press ? or * to list all spells.
There is not enough space to conjure foxfire!
You hit the hobgoblin but do no damage.
The hobgoblin is almost dead.
The goblin closely misses you.
The hobgoblin hits you but does no damage.
You hit the hobgoblin but do no damage.
The hobgoblin is almost dead.
The goblin hits you with a +0 dagger. The hobgoblin completely misses you.
You hit the hobgoblin but do no damage.
The hobgoblin is almost dead.
The goblin hits you with a +0 dagger. The hobgoblin hits you.
Your magical contamination has completely faded away.
You barely miss the hobgoblin.
The hobgoblin is almost dead.
The goblin hits you but does no damage. The hobgoblin barely misses you.
You closely miss the hobgoblin.
The hobgoblin is almost dead.
The goblin hits you but does no damage. The hobgoblin closely misses you.
You closely miss the hobgoblin.
The hobgoblin is almost dead.
The goblin hits you with a +0 dagger. The hobgoblin misses you.
You hit the hobgoblin.
You kill the hobgoblin!
The goblin hits you with a +0 dagger.
* * * LOW HITPOINT WARNING * * *
The goblin hits you with a +0 dagger.
* * * LOW HITPOINT WARNING * * *
Okay, then.
Casting: Foxfire (safe; 8% risk of failure)
Confirm with . or Enter, or press ? or * to list all spells.
You conjure some foxfire!
The goblin hits you with a +0 dagger.
* * * LOW HITPOINT WARNING * * *
The foxfire hits the goblin.
The goblin is moderately wounded.
The goblin closely misses you.
Your foxfire dissipates!
The goblin attacks as you move away! The goblin hits you but does no damage.
The goblin attacks as you move away! The goblin hits you with a +0 dagger.
You die...

# ......###...... #.
#...###### #.#
......#.## # ... ##...
#.## # #####.### ##.
##.# # ........# # ##.##
# #.###.#.# #.## .. #g#
##+###_## ##
#@###...###.#
#)##....##.## ###
..####.#.....#.## ##.#
#.............##.####...
...............#.#......
#...####.........####...
##. ##.......## ##.# #
##.....## ### ##...## #


You could see a goblin.

Vanquished Creatures
  2 bats (D:1)
  5 endoplasms (D:1)
  5 goblins (D:1)
  3 hobgoblins (D:1)
  A quokka (D:1)
  4 ball pythons (D:1)
  3 kobolds (D:1)
  A rat (D:1)
24 creatures vanquished.

Vanquished Creatures (others)
  87 foxfires (D:1)
87 creatures vanquished.

Grand Total: 111 creatures vanquished

Notes
Turn   | Place    | Note
-------+----------+-------------------------------------------
     0 | D:1      | kae the Demigod Fire Elementalist began the quest for the
                  | Orb.
     0 | D:1      | Reached XP level 1. HP: 14/14 MP: 5/5
    72 | D:1      | Reached skill level 1 in Conjurations
   427 | D:1      | Reached XP level 2. HP: 20/22 MP: 5/7
   775 | D:1      | Reached skill level 3 in Fire Magic
  1255 | D:1      | Slain by a goblin

Illustrated notes

Levels and vault maps discovered:
D:1:      sevenhm_arrival_forest_fort_small_5, layout_loops_corners,
          chequers_ecumenical_altar_twisty

Skill      XL: |  1  2 |
---------------+-------+-----
Conjurations   | 1 |  1.6
Fire Magic     | 3 |  3.1
Spellcasting   | 2 |  2.0
Fighting       | |  0.3
Dodging        | |  1.9
Stealth        | |  1.8

Action                   || total
-------------------------++-------
Melee: Unarmed           ||     9
 Cast: Foxfire           ||    54
Armor: Robe              ||    12
Dodge: Dodged            ||    27

Table legend: (Time is in decaauts)
 A = Elapsed time spent in this place.
 B = Non-inter-level travel time spent in this place.
 C = Inter-level travel time spent in this place.
 D = Time resting spent in this place.
 E = Time spent auto-exploring this place.
 F = Levels seen in this place.
 G = Mean time per level.
                   A        B        C        D        E       F      G
               +--------+--------+--------+--------+--------+-----+--------+
         Total |   1256 |   1256 |      0 |      0 |   1082 |   1 | 1256.0 |
       Dungeon |   1256 |   1256 |      0 |      0 |   1082 |   1 | 1256.0 |
               +--------+--------+--------+--------+--------+-----+--------+

Top non-repeatable levels by time:
     D:1: 1256 daAuts
